 Dungeon Sprint DCSS version 0.28-a0-1286-g6bde065e89 (webtiles) character file.

Game seed: 16626777946398665648

2443 mhtbhm the Spear-Bearer (level 9, -1/82 HPs)
             Began as a Human Berserker on Dec 26, 2021.
             Was an Elder of Trog.
             Killed from afar by a deep elf pyromancer (26 damage)
             ... with a bolt of fire
             ... in the Dungeon (Sprint IX: "|||||||||||||||||||||||||||||").
             The game lasted 00:01:38 (623 turns).

mhtbhm the Spear-Bearer (Human Berserker)            Turns: 623, Time: 00:01:39

Health: -1/82      AC: 13    Str: 21    XL:     9   Next: 78%
Magic:  9/9        EV: 14    Int: 11    God:    Trog [****..]
Gold:   0          SH:  0    Dex: 13    Spells: 8/8 levels left

rFire   . . .      SeeInvis .   a - +2 halberd (protect)
rCold   . . .      Faith    .   (shield currently unavailable)
rNeg    . . .      Spirit   .   b - +2 ring mail
rPois   .          Reflect  .   k - +0 helmet
rElec   .          Harm     .   (no cloak)
rCorr   .          Rampage  .   (no gloves)
Will    ++...      NoTele   +   l - +0 pair of boots
Stlth   +.........              (no amulet)
HPRegen 1.23/turn               m - +3 ring of intelligence
MPRegen 0.11/turn               n - +2 ring of protection

@: strong-willed, on berserk cooldown, regenerating, slowed, very slow
A: no striking features
a: Renounce Religion, Berserk, Trog's Hand, Brothers in Arms


You were in the Dungeon.
You worshipped Trog.
Trog was greatly pleased with you.
You visited 1 branch

Inventory:

Hand Weapons
 a - a +2 halberd of protection (weapon)
Armour
 b - a +2 ring mail (worn)
 k - a +0 helmet (worn)
 l - a +0 pair of boots (worn)
Jewellery
 m - a +3 ring of intelligence (left hand)
 n - a +2 ring of protection (right hand)
Wands
 j - a wand of iceblast (7)
Scrolls
 h - a scroll of blinking
Potions
 c - 4 potions of curing
 d - a potion of heal wounds
 e - a potion of haste
 f - 4 potions of magic
 g - a potion of berserk rage
 i - a potion of invisibility


   Skills:
 + Level 11.7 Fighting
 + Level 14.6 Polearms
 + Level 7.5 Armour
 + Level 8.5 Dodging
 + Level 0.6 Stealth


You had 8 spell levels left.
You didn't know any spells.
Your spell library was empty.

Dungeon Overview and Level Annotations

Branches:
Dungeon (1/1)

Altars:
Cheibriados
Dithmenos
Elyvilon
Fedhas
Gozag
Hepliaklqana
Kikubaaqudgha
Makhleb
Nemelex Xobeh
Okawaru
Qazlal
Ru
Sif Muna
Trog
Uskayaw
Vehumet
Wu Jian
Xom
Yredelemnul
Zin
The Shining One
Beogh
Jiyva
Lugonu


Message History

The fire elemental barely misses you. The fire elemental hits you.
The fire elemental burns you!
* * * LOW HITPOINT WARNING * * *
Unknown command.
Press: ? - help, v - describe, . - travel
Here: a fire elemental (severely damaged, summoned)
The floor.
Unknown command.
Your skin crawls.
You feel strong-willed. The fire elemental misses you.
Unknown command.
Your ogre goes berserk!
Trog will no longer gift you weapons. The fire elemental misses you.
The fire elemental completely misses you.
The deep elf pyromancer gestures wildly while chanting.
The deep elf pyromancer blinks!
Unknown command.
The fire elemental hits you. The fire elemental burns you!
* * * LOW HITPOINT WARNING * * *
Items here: ))))).
You swap places.
The fire elemental hits your ogre. The fire elemental burns your ogre!
Your ogre hits the fire elemental with a +0 giant club!!!
The fire elemental is destroyed!
The fire elemental disappears in a puff of smoke!
Your ogre barely misses the fire elemental.
You see here 2 scrolls of amnesia.
The fire elemental hits your ogre. The fire elemental burns your ogre!
Your ogre hits the fire elemental with a +0 giant club!!
The fire elemental hits your ogre. The fire elemental burns your ogre!
Your ogre dies!
Your ogre's corpse disappears in a puff of smoke!
Unknown command.
The fire elemental barely misses you. The fire elemental closely misses you.
The deep elf pyromancer gestures at you while chanting.
The bolt of fire hits the fire elemental.
The fire elemental completely resists.
The bolt of fire hits you!!
You die... ▓▓▓▓▓▓▓▓▓▓▓▓▓▓▓▓▓▓▓▓▓▓▓▓▓▓▓▓▓▓▓▓▓ _______________'@E)○.e†..e)°..Q)) ▓▓▓▓▓▓▓▓▓▓▓▓▓▓▓▓▓▓▓▓▓▓▓▓▓▓▓▓▓▓▓▓▓

You could see a deep elf pyromancer and a fire elemental (summoned).

Vanquished Creatures
  A tengu warrior (D)
  A deep elf pyromancer (D)
  A gargoyle (D)
  An unseen horror (D)
  A wraith (D)
  A yak (D)
  An ice beast (D)
  A centaur (D)
  A killer bee (D)
  A howler monkey (D)
  An adder (D)
  An adder zombie (D)
  A giant cockroach (D)
  A goblin (D)
  A hobgoblin (D)
  A jackal (D)
  A quokka (D)
  A ball python skeleton (D)
  A ball python zombie (D)
  A rat (D)
20 creatures vanquished.

Vanquished Creatures (collateral kills)
  An ugly thing (D)
1 creature vanquished.

Grand Total: 21 creatures vanquished

Notes
Turn   | Place    | Note
-------+----------+-------------------------------------------
     0 | D        | mhtbhm the Human Berserker began the quest for the Orb.
     0 | D        | Reached XP level 1. HP: 18/18 MP: 1/1
    19 | D        | Reached ** piety under Trog
    27 | D        | Reached XP level 2. HP: 14/25 MP: 2/2
   162 | D        | Noticed an ice beast
   172 | D        | Reached skill level 4 in Polearms
   178 | D        | Killed an ice beast
   178 | D        | Reached *** piety under Trog
   179 | D        | Reached skill level 6 in Polearms
   179 | D        | Reached XP level 3. HP: 30/34 MP: 3/3
   179 | D        | Reached XP level 4. HP: 35/40 MP: 4/4
   179 | D        | Reached XP level 5. HP: 40/46 MP: 5/5
   213 | D        | Found a snail-covered altar of Cheibriados.
   213 | D        | Found a shadowy altar of Dithmenos.
   213 | D        | Found a white marble altar of Elyvilon.
   213 | D        | Found a blossoming altar of Fedhas.
   213 | D        | Found an opulent altar of Gozag.
   214 | D        | Found a hazy altar of Hepliaklqana.
   215 | D        | Found a viscous altar of Jiyva.
   216 | D        | Found an ancient bone altar of Kikubaaqudgha.
   217 | D        | Found a corrupted altar of Lugonu.
   218 | D        | Found a burning altar of Makhleb.
   219 | D        | Found a sparkling altar of Nemelex Xobeh.
   220 | D        | Found an iron altar of Okawaru.
   221 | D        | Found a stormy altar of Qazlal.
   222 | D        | Found a sacrificial altar of Ru.
   223 | D        | Found a shimmering blue altar of Sif Muna.
   224 | D        | Found a bloodstained altar of Trog.
   225 | D        | Found a hide-covered altar of Uskayaw.
   226 | D        | Found a radiant altar of Vehumet.
   227 | D        | Found an ornate altar of the Wu Jian Council.
   228 | D        | Found a shimmering altar of Xom.
   229 | D        | Found a basalt altar of Yredelemnul.
   230 | D        | Found a glowing silver altar of Zin.
   231 | D        | Found a glowing golden altar of the Shining One.
   308 | D        | Noticed a centaur
   308 | D        | Noticed a wraith
   308 | D        | Noticed a yak
   314 | D        | Reached skill level 7 in Polearms
   318 | D        | Killed a centaur
   318 | D        | Reached **** piety under Trog
   319 | D        | Reached skill level 8 in Polearms
   319 | D        | Reached XP level 6. HP: 55/55 MP: 6/6
   331 | D        | Killed a wraith
   332 | D        | Reached skill level 10 in Polearms
   332 | D        | Reached skill level 5 in Dodging
   332 | D        | Reached XP level 7. HP: 34/63 MP: 7/7
   339 | D        | Killed a yak
   340 | D        | Reached skill level 5 in Armour
   341 | D        | Reached ***** piety under Trog
   572 | D        | Noticed a gargoyle
   572 | D        | Noticed a deep elf pyromancer
   572 | D        | Noticed a deep elf pyromancer
   572 | D        | Noticed a tengu warrior
   572 | D        | Noticed a cyan ugly thing
   578 | D        | Killed a deep elf pyromancer
   579 | D        | Reached skill level 10 in Fighting
   579 | D        | Reached skill level 11 in Polearms
   579 | D        | Reached XP level 8. HP: 72/72 MP: 8/8
   582 | D        | Killed a gargoyle
   583 | D        | Reached skill level 12 in Polearms
   590 | D        | Noticed an unseen horror
   592 | D        | Killed an unseen horror
   592 | D        | Received a gift from Trog
   593 | D        | Reached skill level 13 in Polearms
   593 | D        | Reached XP level 9. HP: 40/79 MP: 9/9
   605 | D        | Killed a tengu warrior
   606 | D        | Reached skill level 14 in Polearms
   608 | D        | Killed a cyan ugly thing
   623 | D        | Killed from afar by a deep elf pyromancer

Illustrated notes

Levels and vault maps discovered:
D:        linesprint [early_d, line_temple, items_1, d_10, items_2, lair_1,
          lair_end, items_3, orc_1, orc_end, items_4, d_15, swamp_1, shoals_1,
          snake_1, spider_1, d_20, vaults_1, items_5, swamp_end, shoals_end,
          snake_end, spider_end, vaults_end, d_27, items_6, zot_1, zot_end,
          crypt_end, forest_end, elf_end, slime_end, tomb_end, abyss_end,
          pan_hell_end]

Skill      XL: |  1  2  3  4  5  6  7  8  9 |
---------------+----------------------------+-----
Fighting       | 6 7 8 10 11 | 11.7
Polearms       | 6 8 10 11 13 14 | 14.6
Armour         | 3 4 5 6 7 |  7.5
Dodging        | 3 4 5 6 7 8 |  8.5
Stealth        | |  0.6

Action                   |  1- 3 |  4- 6 |  7- 9 || total
-------------------------+-------+-------+-------++-------
Melee: Spear             |    38 |     5 |       ||    43
       Halberd           |       |    21 |    37 ||    58
Invok: Berserk           |     1 |     1 |     1 ||     3
       Brothers in Arms  |       |       |     2 ||     2
       Trog's Hand       |       |       |     1 ||     1
Evoke: Wand              |       |       |     3 ||     3
  Use: Potion            |       |       |     3 ||     3
       Scroll            |       |       |     1 ||     1
Armor: Animal skin       |     3 |       |       ||     3
       Ring mail         |       |     8 |    21 ||    29
Dodge: Dodged            |    19 |    16 |    21 ||    56

Table legend: (Time is in decaauts)
 A = Elapsed time spent in this place.
 B = Non-inter-level travel time spent in this place.
 C = Inter-level travel time spent in this place.
 D = Time resting spent in this place.
 E = Time spent auto-exploring this place.
 F = Levels seen in this place.
 G = Mean time per level.
                   A        B        C        D        E       F      G
               +--------+--------+--------+--------+--------+-----+--------+
         Total |    633 |    633 |      0 |    400 |      3 |   1 |  633.0 |
       Dungeon |    633 |    633 |      0 |    400 |      3 |   1 |  633.0 |
               +--------+--------+--------+--------+--------+-----+--------+

Top non-repeatable levels by time:
       D: 633 daAuts
